 Dungeon Crawl Stone Soup version 0.25.0-3-gd7cc5688da (webtiles) character file.

Game seed: 4813269390879763832

23121 Dirian the Fencer (level 12, -10/108 HPs)
             Began as a Minotaur Fighter on June 15, 2020.
             Mangled by a vampire knight
             ... wielding a +0 long sword
              (24 damage)
             ... on level 12 of the Dungeon.
             The game lasted 00:20:06 (11392 turns).

Dirian the Fencer (Minotaur Fighter)               Turns: 11392, Time: 00:20:07

Health: -10/108    AC: 17    Str: 25    XL:     12   Next: 69%
Magic:  15/15      EV:  6    Int:  5    God:
Gold:   685        SH: 14    Dex: 11    Spells: 11/11 levels left

rFire    . . .     SeeInvis .   a - +3 double sword (vorpal)
rCold    . . .     Gourm    .   c - +1 kite shield
rNeg     . . .     Faith    .   z - +0 plate armour
rPois    .         Spirit   .   (helmet restricted)
rElec    .         Reflect  .   (no cloak)
rCorr    .         Harm     .   u - +0 pair of gloves
MR       +....                  y - +0 pair of boots
Stlth    ..........             v - amulet of regeneration
HPRegen  0.68/turn              o - ring of protection from magic
MPRegen  0.14/turn              (no ring)

@: mighty, studying Evocations
A: retaliatory headbutt, horns 2
a: no special abilities


You were on level 12 of the Dungeon.
You were not hungry.

You visited 1 branch of the dungeon, and saw 13 of its levels.
You also visited: Ossuary.

You collected 685 gold pieces.

Inventory:

Hand Weapons
 a - a +3 vorpal double sword (weapon)
 l - a +4 scimitar
 E - a +1 scimitar of flaming
Armour
 c - a +1 kite shield (worn)
 u - a +0 pair of gloves (worn)
 y - a +0 pair of boots (worn)
 z - a +0 plate armour (worn)
Jewellery
 o - a ring of protection from magic (left hand)
 v - an amulet of regeneration (around neck)
 D - an uncursed ring of ice
Wands
 j - a wand of iceblast (7)
 m - a wand of enslavement (8)
 C - a wand of polymorph (8)
Scrolls
 b - a scroll of magic mapping
 g - 3 scrolls of immolation
 i - 4 scrolls of enchant armour
 r - 12 scrolls of identify
 t - 6 scrolls of teleportation
 x - 5 scrolls of remove curse
Potions
 d - 2 potions of might
 f - 2 potions of lignification
 h - 2 potions of haste
 k - 3 potions of flight
 n - 3 potions of magic
 p - 2 potions of berserk rage
 q - 7 potions of curing
 s - a potion of invisibility
 w - a potion of heal wounds
 A - a potion of cancellation
Books
 B - a manual of Evocations
Comestibles
 e - 28 rations
 F - 3 chunks of flesh


   Skills:
 + Level 10.8 Fighting
 - Level 16.0 Long Blades
 + Level 10.6 Armour
 + Level 11.2 Shields
 * Level 6.3 Evocations


You had 11 spell levels left.
You didn't know any spells.
Your spell library contained the following spells:

 Spells                   Type           Power        Failure   Level  Hunger
 Freeze                   Ice            #...         100%        1    ##.....
 Summon Small Mammal      Summ           #...         100%        1    ##.....
 Call Imp                 Summ           #.......     100%        2    ###....
 Poisonous Vapours        Pois/Air       #.....       100%        2    ###....
 Call Canine Familiar     Summ           #.......     100%        3    ####...
 Confusing Touch          Hex            #.......     100%        3    ####...
 Conjure Flame            Conj/Fire      #.......     100%        3    ####...
 Frozen Ramparts          Ice            #.....       100%        3    ####...
 Gell's Gravitas          Tloc           #.........   100%        3    ####...
 Mephitic Cloud           Conj/Pois/Air  #.......     100%        3    ####...
 Ozocubu's Armour         Chrm/Ice       #.......     100%        3    ####...
 Summon Guardian Golem    Hex/Summ       #.......     100%        3    ####...
 Hailstorm                Conj/Ice       #.......     100%        4    #####..
 Petrify                  Tmut/Erth      #.......     100%        4    #####..
 Summon Ice Beast         Ice/Summ       #.......     100%        4    #####..
 Summon Lightning Spire   Summ/Air       #.......     100%        4    #####..
 Metabolic Englaciation   Hex/Ice        #.........   100%        5    ######.
 Yara's Violent Unravell  Hex/Tmut       #.........   100%        5    ######.
 Freezing Cloud           Conj/Ice/Air   #.........   100%        6    #######
 Ring of Flames           Chrm/Fire      #.........   100%        7    #######


Dungeon Overview and Level Annotations

Branches:
Dungeon (13/15)            Temple (0/1) D:6            Lair (0/6) D:10
    Orc (0/2) D:11         Vaults (0/5) D:13        Ossuary (visited)

Altars:
Ashenzari
Gozag
Nemelex Xobeh
Vehumet
Zin
The Shining One

Shops:
D:11 *


Innate Abilities, Weirdness & Mutations

You reflexively headbutt those who attack you in melee.
You have a pair of horns on your head.


Message History

You block the manticore's attack.
You feel much better.
You hear some strange, mumbled words.
Something tries to affect you, but you resist.
You block the manticore's attack. The manticore claws you.
The manticore claws you but does no damage.
Okay, then.
You feel very mighty all of a sudden. Something completely misses you.
Something bites you but does no damage.
The manticore bites you but does no damage.
You block the manticore's attack. The manticore claws you!
* * * LOW HITPOINT WARNING * * *
Something hits you!
* * * LOW HITPOINT WARNING * * *
Something bites you but does no damage.
You closely miss something. You headbutt something! You slash the manticore!
Your headbutt misses the manticore.
The manticore is moderately wounded.
Something hits you!!
You die...

###...#....#...#
)..........#...#
(..........#...#
.......###.#...#
.......# #.##..#
####'###
#..#..### # #.#
#..#.## ' .#
##(†{.## # .#
#.#@..# ####H##
D.. #.... ###...
##


You could see a manticore shaped shifter and an acid dragon.

Vanquished Creatures
  Snorg (D:13)
  3 vault guards (D:13)
  Fannar (D:10)
  2 centaur warriors
  An unseen horror (D:13)
  A wolf spider (D:12)
  An ugly thing (D:12)
  A deep elf mage (D:10)
  An oklob plant (D:10)
  3 cyclopes
  Psyche (D:10)
  A gargoyle (D:12)
  3 centaur skeletons (D:10)
  An efreet (D:12)
  2 hellwings (D:10)
  7 trolls
  A tengu conjurer (D:12)
  A hornet (D:13)
  Prince Ribbit (D:8)
  A hippogriff (D:11)
  A shadow (D:13)
  A wraith (D:13)
  4 yaks (D:13)
  A basilisk (D:8)
  8 humans (D:13)
  3 vampire mosquitoes
  2 hungry ghosts
  A soldier ant (D:10)
  An acid dragon (D:12)
  A water moccasin (D:10)
  Duvessa (D:7)
  2 sky beasts
  An ice beast (D:13)
  An eye of draining (D:13)
  2 orc warriors
  8 ogres
  3 phantoms
  9 centaurs
  3 big kobolds
  2 wyvern zombies
  10 bullfrogs
  Dowan (D:7)
  A wyvern skeleton (D:10)
  A water moccasin skeleton (D:6)
  3 scorpions
  16 wights
  5 howler monkeys
  2 quasits
  7 centaur zombies
  2 bullfrog zombies
  3 crimson imps
  4 hounds
  A jelly (D:10)
  7 orc priests
  A bullfrog skeleton (D:11)
  16 orc wizards
  3 iguanas
  6 worker ants
  2 killer bee zombies
  16 mummies (Ossuary)
  4 hound zombies (Ossuary)
  6 worker ant zombies
  2 howler monkey zombies (Ossuary)
  2 howler monkey skeletons (D:10)
  11 adders
  4 shadow imps (D:10)
  An ooze (D:2)
  6 adder skeletons
  A worm (D:2)
  A dart slug (D:3)
  57 orcs
  A ball python (D:4)
  5 giant cockroaches
  7 goblins
  6 hobgoblins
  4 jackals
  2 quokkas
  11 bats
  5 frilled lizards
  A giant cockroach zombie (Ossuary)
  A jackal zombie (Ossuary)
  24 kobolds
  A leopard gecko zombie (Ossuary)
  3 quokka zombies
  12 rats
  A plant (D:10)
375 creatures vanquished.

Vanquished Creatures (others)
  A human (D:13)
1 creature vanquished.

Grand Total: 376 creatures vanquished

Notes
Turn   | Place    | Note
-------+----------+-------------------------------------------
     0 | D:1      | Dirian the Minotaur Fighter began the quest for the Orb.
     0 | D:1      | Reached XP level 1. HP: 19/19 MP: 0/0
   244 | D:1      | Reached XP level 2. HP: 26/27 MP: 1/1
   787 | D:1      | Reached skill level 3 in Long Blades
  1076 | D:2      | Reached XP level 3. HP: 30/33 MP: 2/2
  1313 | D:2      | Reached skill level 4 in Long Blades
  1318 | D:2      | Reached XP level 4. HP: 36/40 MP: 3/3
  1849 | D:3      | You fall into a shaft and drop 1 floor!
  1899 | D:4      | Noticed a phantom
  1930 | D:4      | Killed a phantom
  1930 | D:4      | Reached skill level 5 in Long Blades
  1930 | D:4      | Reached XP level 5. HP: 33/46 MP: 4/4
  2243 | D:4      | Reached XP level 6. HP: 40/53 MP: 5/5
  2275 | D:3      | Reached skill level 6 in Long Blades
  2758 | D:3      | Reached skill level 5 in Armour
  2989 | D:3      | Found a sparkling altar of Nemelex Xobeh.
  3113 | D:3      | Found a radiant altar of Vehumet.
  3346 | D:4      | Reached skill level 5 in Shields
  3500 | D:4      | Reached skill level 7 in Long Blades
  3755 | D:5      | Entered Level 5 of the Dungeon
  3757 | D:5      | Reached XP level 7. HP: 60/60 MP: 6/6
  4092 | D:5      | Found a shattered altar of Ashenzari.
  4401 | D:6      | Reached skill level 8 in Long Blades
  4403 | D:6      | Reached skill level 5 in Fighting
  4443 | D:6      | Reached XP level 8. HP: 31/68 MP: 7/7
  4447 | D:6      | Found a sand-covered staircase.
  4459 | Ossuary  | Entered an ossuary
  4520 | Ossuary  | Reached skill level 9 in Long Blades
  4896 | Ossuary  | Reached skill level 10 in Long Blades
  5374 | D:6      | Reached skill level 11 in Long Blades
  5406 | D:6      | Found a glowing golden altar of the Shining One.
  5438 | D:6      | Reached XP level 9. HP: 75/75 MP: 8/8
  5507 | D:6      | Found a staircase to the Ecumenical Temple.
  5543 | D:6      | Identified a scroll of acquirement
  5951 | D:7      | Reached skill level 12 in Long Blades
  6225 | D:7      | Noticed Duvessa
  6226 | D:7      | Noticed Dowan
  6237 | D:7      | Killed Duvessa
  6239 | D:7      | Killed Dowan
  6973 | D:8      | Noticed Prince Ribbit
  6980 | D:8      | Killed Prince Ribbit
  7022 | D:8      | Reached skill level 13 in Long Blades
  7022 | D:8      | Reached XP level 10. HP: 58/86 MP: 9/9
  7760 | D:9      | Found a glowing silver altar of Zin.
  8252 | D:10     | Entered Level 10 of the Dungeon
  8265 | D:10     | Reached skill level 1 in Evocations
  8436 | D:10     | Noticed a deep elf mage
  8439 | D:10     | Killed a deep elf mage
  8486 | D:10     | Noticed Psyche
  8498 | D:10     | Killed Psyche
  8509 | D:10     | Reached skill level 14 in Long Blades
  8800 | D:10     | Reached XP level 11. HP: 85/94 MP: 12/12
  8845 | D:10     | Noticed Fannar
  8860 | D:10     | Killed Fannar
  8918 | D:10     | Noticed an oklob plant
  8939 | D:10     | Found a staircase to the Lair.
  9215 | D:10     | Killed an oklob plant
  9366 | D:11     | Noticed a centaur warrior
  9379 | D:11     | Killed a centaur warrior
  9379 | D:11     | Reached skill level 15 in Long Blades
  9689 | D:11     | Found a staircase to the Orcish Mines.
  9755 | D:11     | Found Gozag's Platinum Reserve.
  9756 | D:11     | Found an opulent altar of Gozag.
  9829 | D:11     | You fall into a shaft and drop 2 floors!
 10078 | D:13     | Reached skill level 16 in Long Blades
 10166 | D:13     | Noticed Snorg
 10179 | D:13     | Killed Snorg
 10284 | D:13     | Killed an unseen horror
 10284 | D:13     | Reached XP level 12. HP: 99/104 MP: 14/14
 10327 | D:13     | Reached skill level 5 in Evocations
 10561 | D:13     | Noticed a vault guard
 10561 | D:13     | Noticed a vault guard
 10585 | D:13     | Killed a vault guard
 10586 | D:13     | Reached skill level 10 in Shields
 10602 | D:13     | Killed a vault guard
 10606 | D:13     | Reached skill level 10 in Fighting
 10618 | D:13     | Reached skill level 10 in Armour
 10651 | D:13     | Noticed a vault guard
 10660 | D:13     | Killed a vault guard
 10672 | D:13     | Found a gate to the Vaults.
 10692 | D:13     | Identified the cursed +3 great sword of the Nexus {pain,
                  | rF+ rN+ SInv}
 11262 | D:12     | Noticed a centaur warrior
 11272 | D:12     | Killed a centaur warrior
 11365 | D:12     | Noticed a vampire knight
 11392 | D:12     | Mangled by a vampire knight

Illustrated notes

Levels and vault maps discovered:
D:1:      dpeg_arrival_ratfight, layout_basic, kennysheep_doodads
D:2:      layout_loops_cross
D:3:      layout_loops_cross, nicolae_overflow_hidden_temple, first_ration,
          minmay_unequal
D:4:      layout_gridville, minmay_hedge_maze
D:5:      layout_gridville, nicolae_ashenzari_panopticon
D:6:      layout_gridville, marbit_many_paths,
          minmay_temple_entry_enclosed_plants, chequers_ossuary_entry_cave,
          kennysheep_generic_room_14
D:7:      layout_gridville, uniq_duvessa
D:8:      layout_loops_ring, uniq_prince_ribbit1
D:9:      layout_long_grid, kennysheep_mini
D:10:     cheibrodos_grave_circle, layout_small_grid, dpeg_oklobed_lair,
          hangedman_stone_soup, uniq_fannar, uniq_psyche
D:11:     layout_basic, hiddenorc2_lemuel, nicolae_gozag_zags_fifth_avenue
D:12:     minmay_sliced_demisemicircle, layout_basic, uniq_sonja
D:13:     layout_big_octagon, ximxim_vaults_locker_room, uniq_snorg

Skill      XL: |  1  2  3  4  5  6  7  8  9 10 11 12 |
---------------+-------------------------------------+-----
Long Blades    | 3 4 5 7 8 11 13 14 16 | 16.0
Fighting       | 4 5 6 7 8 9 10 | 10.8
Armour         | 4 5 6 7 8 9 10 | 10.6
Shields        | 4 5 6 7 8 9 11 | 11.2
Evocations     | 2 4 6 |  6.3

Action                   |  1- 3 |  4- 6 |  7- 9 | 10-12 || total
-------------------------+-------+-------+-------+-------++-------
Melee: Long sword        |    92 |    62 |       |       ||   154
       Headbutt          |    13 |    22 |    68 |   123 ||   226
       Scimitar          |       |    59 |   200 |       ||   259
       Double sword      |       |       |   124 |   518 ||   642
  Use: Scroll            |       |    13 |    11 |     6 ||    30
       Potion            |       |       |     1 |     6 ||     7
  Eat: Chunk             |     1 |     8 |     9 |    11 ||    29
       Ration            |       |       |     1 |     1 ||     2
Armor: Scale mail        |    51 |    40 |       |       ||    91
       Chain mail        |       |       |   109 |   157 ||   266
       Plate armour      |       |       |       |    27 ||    27
Dodge: Dodged            |    38 |    35 |    61 |   106 ||   240
Block: Kite shield       |    42 |    70 |   144 |   299 ||   555
       Rpst.: Long sword |     8 |     7 |       |       ||    15
       Scimitar          |       |     4 |    10 |       ||    14
       Double sword      |       |       |     7 |    24 ||    31
